 Dungeon Crawl Stone Soup version 0.27.1-4-g1640c2035a (webtiles) character file.

Game seed: 5181155618922319008

110 Duder the Cudgeller (level 4, -6/40 HPs)
             Began as a Minotaur Berserker on Nov 2, 2021.
             Was a Believer of Trog.
             Killed from afar by an orc wizard (10 damage)
             ... with a puff of flame
             ... on level 3 of the Dungeon.
             The game lasted 00:05:09 (2243 turns).

Duder the Cudgeller (Minotaur Berserker)            Turns: 2243, Time: 00:05:10

Health: -6/40      AC:  5    Str: 22    XL:     4   Next: 61%
Magic:  3/3        EV: 11    Int:  4    God:    Trog [**....]
Gold:   37         SH:  0    Dex: 10    Spells: 3/3 levels left

rFire    . . .     SeeInvis .   a - +0 mace
rCold    . . .     Faith    .   (no shield)
rNeg     . . .     Spirit   .   e - +0 ring mail
rPois    .         Reflect  .   (helmet restricted)
rElec    .         Harm     .   (no cloak)
rCorr    +         Rampage  .   (no gloves)
Will     .....                  (no boots)
Stlth    ..........             (no amulet)
HPRegen  0.13/turn              k - ring of resist corrosion
MPRegen  0.08/turn              (no ring)

@: confused
A: horns 2, retaliatory headbutt
a: Renounce Religion, Berserk, Trog's Hand


You were on level 3 of the Dungeon.
You worshipped Trog.
Trog was pleased with you.
You visited 1 branch of the dungeon, and saw 3 of its levels.

You collected 37 gold pieces.

Inventory:

Hand Weapons
 a - a +0 mace (weapon)
Missiles
 h - 38 stones (quivered)
Armour
 e - a +0 ring mail (worn)
Jewellery
 k - a ring of resist corrosion (left hand)
Scrolls
 g - 2 scrolls of enchant weapon {unknown}
 j - a scroll of fog {unknown}
 l - 2 scrolls of teleportation {unknown}
 n - a scroll of magic mapping {unknown}
Potions
 b - a potion of heal wounds {unknown}
 f - 2 potions of lignification
 i - a potion of curing
 m - a potion of degeneration {unknown}


   Skills:
 + Level 4.2 Fighting
 * Level 4.8 Maces & Flails
 + Level 0.8 Throwing
 + Level 3.4 Armour
 + Level 3.1 Dodging


You had 3 spell levels left.
You didn't know any spells.
Your spell library was empty.

Dungeon Overview and Level Annotations

Branches:
Dungeon (3/15)

Altars:
Okawaru
Uskayaw

Shops:
D:1 [   D:2 [((


Innate Abilities, Weirdness & Mutations

You have a pair of horns on your head.
You reflexively headbutt those who attack you in melee.


Message History

The orc hits you with a +0 short sword. Something hits you.
The orc hits you with a +0 short sword.
You hit the orc.
You kill the orc!
Trog accepts your kill. The orc hits you with a +0 short sword.
You hear some strange, mumbled words.
Something tries to affect you, but you resist.
You completely miss the orc.
The orc is severely wounded.
The orc closely misses you. You furiously retaliate!
You headbutt the orc, but do no damage.
You hear some strange, mumbled words.
You are confused.
The orc misses you.
You closely miss the orc.
The orc is severely wounded.
Something hits you. The orc hits you with a +0 short sword.
* * * LOW HITPOINT WARNING * * *
Something hits you but does no damage.
You hit the orc but do no damage.
The orc is severely wounded.
The orc hits you but does no damage. Something hits you but does no damage.
Unknown command.
You bump into the rock wall.
The orc hits you with a +0 short sword.
* * * LOW HITPOINT WARNING * * *
Something barely misses you.
You hit the orc.
The orc is almost dead.
The orc barely misses you. Something hits you.
* * * LOW HITPOINT WARNING * * *
The orc hits you with a +0 short sword.
* * * LOW HITPOINT WARNING * * *
You closely miss the orc. Your headbutt misses the orc.
The orc is almost dead.
The orc closely misses you.
You hear some strange, mumbled words.
A puff of flame appears from out of thin air!
The puff of flame hits you!
You die...

#........ #...###.. #...#
#.≈ #..># #.≈ ##### #.≈ #
#.# ##. ######### ##### #.#
#...#..{....####...# #.#
#.))o@.#...##.#.# #.#
#...........#.#.##.#.####.#
#.####...#..#.#....#......#
....(.#.####[###########
###.....# #.# ...##### ###
####


You could see an orc.

Vanquished Creatures
  Robin (D:2)
  An adder (D:3)
  2 dart slugs
  3 worms (D:2)
  4 orcs (D:3)
  6 ball pythons
  7 endoplasms
  3 giant cockroaches
  13 goblins
  5 hobgoblins
  4 jackals (D:3)
  A quokka (D:2)
  10 bats
  3 frilled lizards
  3 kobolds
  2 rats
68 creatures vanquished.

Vanquished Creatures (others)
  A plant (D:1)
  10 toadstools (D:3)
11 creatures vanquished.

Grand Total: 79 creatures vanquished

Notes
Turn   | Place    | Note
-------+----------+-------------------------------------------
     0 | D:1      | Duder the Minotaur Berserker began the quest for the Orb.
     0 | D:1      | Reached XP level 1. HP: 19/19 MP: 0/0
   220 | D:1      | Reached XP level 2. HP: 26/27 MP: 1/1
   247 | D:1      | Found Xoduts's Antique Armour Shoppe.
  1155 | D:2      | Found an iron altar of Okawaru.
  1161 | D:2      | Found Izxoisino's Weapon Shoppe.
  1164 | D:2      | Reached XP level 3. HP: 33/33 MP: 2/2
  1262 | D:2      | Reached ** piety under Trog
  1429 | D:2      | Noticed Robin
  1441 | D:2      | Killed Robin
  1580 | D:2      | Found Oshroeqy's Weapon Shop.
  1586 | D:2      | Reached XP level 4. HP: 39/40 MP: 3/3
  1813 | D:2      | Found Cilerides's Armour Emporium.
  1817 | D:2      | Found a faded altar of an unknown god.
  2188 | D:3      | Found a hide-covered altar of Uskayaw.
  2243 | D:3      | Killed from afar by an orc wizard

Illustrated notes

Levels and vault maps discovered:
D:1:      tarquinn_simple_flora_water_a, layout_basic, serial_shops, shop,
          minmay_misc_feat_iff
D:2:      layout_rooms, basic_ecumenical_altar, serial_shops,
          nicolae_shop_crystal, nicolae_shop_stone, shop, basic_altar,
          minmay_diced_spiral, uniq_robin
D:3:      cheibrodos_fertilizer, layout_basic, nicolae_uskayaw_suspiria,
          small_statue_intersection, minmay_increasing_density

Skill      XL: |  1  2  3  4 |
---------------+-------------+-----
Maces & Flails | 4 |  4.8
Fighting       | 4 |  4.2
Armour         | 3 |  3.4
Dodging        | 3 |  3.1
Throwing       | |  0.8

Action                   |  1- 3 |  4- 6 || total
-------------------------+-------+-------++-------
Melee: Mace              |    89 |    48 ||   137
       Headbutt          |    20 |     8 ||    28
Throw: Stone             |    12 |       ||    12
Invok: Berserk           |     1 |       ||     1
  Use: Scroll            |       |     3 ||     3
Armor: Animal skin       |     6 |       ||     6
       Ring mail         |    34 |    22 ||    56
Dodge: Dodged            |    58 |    42 ||   100
